 Dungeon Crawl Stone Soup version 0.21.1-1-g345015f (webtiles) character file.

46 Supreme the Digger (level 3, 19/19 HPs)
             Began as a Gargoyle Earth Elementalist on Apr 2, 2018.
             Quit the game on level 2 of the Dungeon.
             The game lasted 00:14:54 (1128 turns).

Supreme the Digger (Gargoyle Earth Elementalist)    Turns: 1128, Time: 00:14:55

Health: 19/19      AC:  7    Str: 11    XL:     3   Next: 68%
Magic:  6/6        EV: 10    Int: 16    God:
Gold:   117        SH:  0    Dex: 10    Spells: 0/6 levels left

rFire    . . .     SeeInvis .   g - +0 whip
rCold    . . .     Gourm    .   (no shield)
rNeg     + . .     Faith    .   C - -2 ring mail (curse)
rPois    ∞         Spirit   .   (no helmet)
rElec    +         Reflect  .   (no cloak)
rCorr    .         Harm     .   A - +0 pair of gloves
MR       +....                  (no boots)
Stlth    +.........             (no amulet)
HPRegen  0.06/turn              x - ring of protection from magic
MPRegen  0.10/turn              (no ring)

@: no status effects
A: negative energy resistance 1, electricity resistance, unbreathing,
petrification resistance, rot immunity, AC +3
a: no special abilities


You were on level 2 of the Dungeon.
You were not hungry.

You visited 1 branch of the dungeon, and saw 3 of its levels.

You collected 117 gold pieces.

Inventory:

Hand Weapons
 g - a +0 whip (weapon)
 h - a +0 dagger
 i - a +0 club
 l - a +0 dagger
 n - a +0 mace
 o - a +0 club
 p - a +0 dagger
 q - a +0 club
 r - a +0 hunting sling
 t - a cursed -3 short sword
 u - a +0 club
 v - a +0 hand axe
 y - a +0 club
Missiles
 b - 67 stones
 f - 6 javelins (quivered)
Armour
 c - a +0 robe
 A - a +0 pair of gloves (worn)
 C - a cursed -2 ring mail (worn)
Jewellery
 x - a ring of protection from magic (left hand)
Scrolls
 a - 3 scrolls of identify
 j - a scroll of fog
 m - a scroll of remove curse {unknown}
 s - a scroll of teleportation {unknown}
 w - a scroll of blinking {unknown}
 B - a scroll of amnesia {unknown}
Potions
 k - a potion of might
Books
 e - a book of Geomancy

   Spells                             Type                      Level
   a - Sandblast                      Earth                        1
   b - Passwall                       Transmutation/Earth          2
   c - Stone Arrow                    Conjuration/Earth            3
   d - Petrify                        Transmutation/Earth          4
   e - Lee's Rapid Deconstruction     Earth                        5
Comestibles
 d - 3 rations


   Skills:
 + Level 0.3 Maces & Flails
 + Level 1.7 Dodging
 + Level 2.3 Stealth
 + Level 2.4 Spellcasting
 + Level 0.7 Transmutations
 + Level 4.8 Earth Magic


You couldn't memorise any spells.
You knew the following spells:

 Your Spells              Type           Power        Failure   Level  Hunger
a - Sandblast             Erth           ###...       7%          1    #......
b - Passwall              Tmut/Erth      ##........   24%         2    ###....
c - Stone Arrow           Conj/Erth      #.....       47%         3    ###....


Dungeon Overview and Level Annotations

Branches:
Dungeon (3/15)

Altars:
Ashenzari
Qazlal
Xom


Innate Abilities, Weirdness & Mutations

You are resistant to torment.
Your stone body is resilient. (AC +3)
You are immune to poison.
You resist negative energy. (rN+)
You are resistant to electric shocks. (rElec)
You can survive without breathing.
You are immune to petrification.
You are immune to rotting.


Message History

k - a potion of might
As you read the scroll labeled ROOSUESCHUV, it crumbles to dust.
The scroll dissolves into smoke.
It was a scroll of fog.
All of the chunks of flesh in your inventory have rotted away.
d - 3 rations (gained 1)
You now have 117 gold pieces (gained 10).
An adder comes into view.
Casting: Sandblast
Confirm with . or Enter, or press ? or * to list all spells.
Aiming: Sandblast
Press: ? - help, Shift-Dir - straight line, f - adder
Aim: an adder (hasn't noticed you) Out of range.
Okay, then.
Unknown command.
Okay, then.
Unknown command.
Quiver which item? (- for none, * to show all) (? for menu, Esc to quit)
Okay, then.
Are you sure you want to abandon this character and quit the game? (Confirm with "yes".)

#S############
#...@.......#
.## #.
#.####......#
... ...
#.###..# ...
..# #.# #..#
#(####.#
#.###.##
#.#....###
#.....#
..#......#
###.#...#
..#......#####
#.#####
......_......#
#.#


You could see an adder (wandering).

Vanquished Creatures
  An ooze (D:1)
  A dart slug (D:1)
  2 leopard geckos
  A ball python (D:1)
  4 giant cockroaches (D:1)
  6 goblins
  5 hobgoblins
  5 jackals (D:2)
  A kobold (D:2)
  3 bats
  A frilled lizard (D:1)
  2 rats (D:1)
32 creatures vanquished.

Notes
Turn   | Place    | Note
-------+----------+-------------------------------------------
     0 | D:1      | Supreme the Gargoyle Earth Elementalist began the quest for the Orb.
     0 | D:1      | Reached XP level 1. HP: 10/10 MP: 3/3
   143 | D:1      | Reached skill level 4 in Earth Magic
   158 | D:1      | Reached XP level 2. HP: 15/15 MP: 1/5
   323 | D:2      | Reached XP level 3. HP: 17/19 MP: 1/6
   746 | D:1      | Learned a level 2 spell: Passwall
   750 | D:1      | Learned a level 3 spell: Stone Arrow
   884 | D:3      | Found a shattered altar of Ashenzari.
   948 | D:2      | Found a shimmering altar of Xom.
  1008 | D:2      | Found a stormy altar of Qazlal.
  1128 | D:2      | Quit the game

Skill      XL: |  1 |
---------------+----+-----
Earth Magic    | 4 |  4.8
Maces & Flails | |  0.3
Dodging        | |  1.7
Stealth        | |  2.3
Spellcasting   | |  2.4
Transmutations | |  0.7

Action                   || total
-------------------------++-------
Melee: Club              ||     1
       Whip              ||    42
Throw: Javelin           ||    16
       Stone             ||     1
 Cast: Sandblast         ||    33
  Use: Scroll            ||     2
 Stab: Sleeping          ||     3
  Eat: Chunk             ||     1
Armor: Robe              ||    19
Dodge: Dodged            ||    36
